 Dungeon Crawl Stone Soup version 0.29.0-4-gdea44cf6ec (webtiles) character file.

Game seed: 3510225029540307508

32 qw the Sneak (level 3, -6/28 HPs)
             Began as a Ghoul Enchanter on Sept 4, 2022.
             Mangled by Natasha (8 damage)
             ... on level 2 of the Dungeon.
             The game lasted 00:00:38 (1514 turns).

qw the Sneak (Ghoul Enchanter)                      Turns: 1514, Time: 00:00:39

Health: -6/28      AC:  5    Str: 13    XL:     3   Next: 25%
Magic:  0/4        EV: 10    Int: 10    God:
Gold:   37         SH:  0    Dex:  9    Spells: 5/5 levels left

rFire   . . .      SeeInvis .     - Unarmed
rCold   + . .      Faith    .   (no shield)
rNeg    + + +      Spirit   +   e - +0 ring mail
rPois   inf        Reflect  .   (no helmet)
rElec   .          Harm     .   (no cloak)
rCorr   .          Rampage  .   (no gloves)
Will    .....                   (no boots)
Stlth   +.........              g - amulet of guardian spirit
HPRegen 0.00/turn               (no ring)
MPRegen 0.09/turn               (no ring)

@: inhibited regen
A: claws 1, cold resistance 1, negative energy resistance 3, inhibited
regeneration, torment resistance 2, devour on kill
a: no special abilities


You were on level 2 of the Dungeon.
You visited 1 branch of the dungeon, and saw 2 of its levels.

You collected 37 gold pieces.


Innate Abilities, Weirdness & Mutations

You are immune to poison.
You have sharp fingernails.
Your flesh is cold resistant. (rC+)
You are immune to negative energy. (rN+++)
You do not regenerate when monsters are visible.
You are immune to unholy pain and torment.
You thrive by killing the living.


   Skills:
 - Level 1.0 Fighting
 - Level 0.8 Short Blades
 - Level 1.7 Dodging
 - Level 3.2 Stealth
 + Level 2.7 Unarmed Combat
 - Level 1.7 Spellcasting
 - Level 2.4 Hexes


You had 5 spell levels left.
You didn't know any spells.
Your spell library contained the following spells:

 Spells                   Type           Power      Damage    Failure   Level
 Ensorcelled Hibernation  Hex/Ice        6%         N/A       54%         2
 Confusing Touch          Hex            5%         N/A       61%         3
 Tukima's Dance           Hex            5%         N/A       61%         3
 Dazzling Flash           Conj/Hex       6%         N/A       78%         3

Inventory:

Armour
 e - a +0 ring mail (worn)
Jewellery
 g - an amulet of guardian spirit (around neck)
Potions
 a - a potion of haste
 d - a potion of flight {unknown}

Dungeon Overview and Level Annotations

Branches:
Dungeon (2/15)

Altars:

Annotations:
D:2 Natasha


Message History

Waypoint 1 assigned to D:2.
Enter note:
1295 ||| Stepping ~*~*~tactically~*~*~ (hiding).
You start waiting.
Done waiting.
There is a stone staircase leading up here.
1397 ||| Stepping ~*~*~tactically~*~*~ (hiding).
You start waiting.
A hobgoblin comes into view. It is wielding a +0 spear.
1490 ||| Stepping ~*~*~tactically~*~*~ (stealth).
There is a stone staircase leading up here.
1493 ||| Stepping ~*~*~tactically~*~*~ (hiding).
You start waiting.
A hobgoblin is nearby!
1503 ||| Stepping ~*~*~tactically~*~*~ (stealth).
Found 4 javelins.
The hobgoblin shouts!
You hear an angry hiss.
An adder comes into view.
Natasha casts a spell at you. The magic dart hits you.
You scratch Natasha but do no damage.
Natasha stares at you and mumbles some strange words.
The magic dart hits you!
You barely miss Natasha. Natasha claws you.
The hobgoblin completely misses you.
You closely miss Natasha. Natasha claws you.
The hobgoblin hits you from afar with a +0 spear!
You barely miss Natasha. Natasha claws you but does no damage.
You scratch Natasha.
Natasha is lightly wounded.
The hobgoblin hits you but does no damage.
The adder bites you but does no damage. Natasha barely misses you.
You scratch Natasha.
Natasha is moderately wounded.
The adder bites you.
The hobgoblin hits you from afar with a +0 spear.
Natasha claws you!
You die...

.## #..######..
#..#.:#....
#..#....#.# #
#..#..#.#.##.^##
#..#..#.#..!...#
#'#....<####
#..#....?..#
#h@............
#.S...####.###.
#.g##.# |#
#....... .
#.####.## . #.
.# ## #. .# #(


You could see Natasha, an adder and a hobgoblin.

Vanquished Creatures
  A dart slug (D:1)
  4 bats (D:1)
  An endoplasm (D:1)
  3 giant cockroaches (D:1)
  5 goblins (D:1)
  2 hobgoblins (D:1)
  2 quokkas (D:1)
  2 ball pythons (D:1)
  3 frilled lizards (D:1)
  A kobold (D:1)
  A rat (D:1)
25 creatures vanquished.

Notes
Turn   | Place    | Note
-------+----------+-------------------------------------------
     0 | D:1      | qw the Ghoul Enchanter began the quest for the Orb.
     0 | D:1      | Reached XP level 1. HP: 14/14 MP: 2/2
     0 | D:1      | 0 ||| qw: Version: 0.1-a-103-gd6f5d3a
     0 | D:1      | 0 ||| qw: Game counter: 5659
     0 | D:1      | 0 ||| qw: Always use a shield: true
     0 | D:1      | 0 ||| qw: God list: Okawaru
     0 | D:1      | 0 ||| qw: Allow faded altars: false
     0 | D:1      | 0 ||| qw: Do Orc after D:15 true
     0 | D:1      | 0 ||| qw: Do second Lair branch before Depths: true
     0 | D:1      | 0 ||| qw: Lair rune preference: random
     0 | D:1      | 0 ||| qw: Plans: Normal
     0 | D:1      | 0 ||| PLANNING D:1-11
     1 | D:1      | 1 ||| DROPPING +1 dagger.
    43 | D:1      | 43 ||| Stepping ~*~*~tactically~*~*~ (stealth).
    55 | D:1      | Reached skill level 1 in Unarmed Combat
   196 | D:1      | Reached skill level 1 in Fighting
   196 | D:1      | Reached XP level 2. HP: 16/23 MP: 3/3
   575 | D:1      | 575 ||| Stepping ~*~*~tactically~*~*~ (outnumbered).
   614 | D:1      | 614 ||| Stepping ~*~*~tactically~*~*~ (stealth).
   622 | D:1      | 622 ||| Stepping ~*~*~tactically~*~*~ (stealth).
   623 | D:1      | 623 ||| Stepping ~*~*~tactically~*~*~ (stealth).
   625 | D:1      | Reached XP level 3. HP: 22/28 MP: 4/4
   702 | D:1      | 702 ||| Stepping ~*~*~tactically~*~*~ (stealth).
  1261 | D:1      | 1261 ||| UPGRADING to +0 ring mail.
  1271 | D:1      | 1271 ||| DROPPING +0 robe.
  1272 | D:1      | 1272 ||| UPGRADING to amulet of guardian spirit.
  1277 | D:1      | 1277 ||| READING scroll labelled POFUB ZAUJU.
  1278 | D:1      | 1278 ||| READING scroll labelled ZYEKIC CIRUA.
  1283 | D:1      | 1283 ||| DROPPING 2 potions of invisibility.
  1294 | D:2      | Noticed Natasha
  1295 | D:2      | 1295 ||| Stepping ~*~*~tactically~*~*~ (hiding).
  1397 | D:2      | 1397 ||| Stepping ~*~*~tactically~*~*~ (hiding).
  1490 | D:2      | 1490 ||| Stepping ~*~*~tactically~*~*~ (stealth).
  1493 | D:2      | 1493 ||| Stepping ~*~*~tactically~*~*~ (hiding).
  1503 | D:2      | 1503 ||| Stepping ~*~*~tactically~*~*~ (stealth).
  1511 | D:2      | HP: 5/28 [hobgoblin/+0 spear (7)]
  1514 | D:2      | HP: 2/28 [hobgoblin/+0 spear (1)]
  1514 | D:2      | Mangled by Natasha

Levels and vault maps discovered:
D:1:      psy_arrival_statuary, layout_loops_cross, chequers_garden
D:2:      minmay_chambers_of_twos, layout_basic, minmay_tetromino_t4,
          uniq_terence, uniq_jessica, uniq_natasha

Skill      XL: |  1  2 |
---------------+-------+-----
Unarmed Combat | 1 2 |  2.7
Fighting       | 1 |  1.0
Short Blades   | |  0.8
Dodging        | |  1.7
Stealth        | |  3.2
Spellcasting   | |  1.7
Hexes          | |  2.4

Action                   || total
-------------------------++-------
Melee: Unarmed           ||   120
       Punch             ||     3
  Use: Scroll            ||     2
Armor: Robe              ||    19
       Ring mail         ||     3
Dodge: Dodged            ||    75

Table legend:
 A = Non-vault XP
 B = Vault XP
 C = Vault XP percentage of total XP
 D = Non-vault monster count
 E = Vault monster count
 F = Vault count percentage of total count
                 A         B        C        D         E       F
            +---------+---------+-------+---------+---------+-------
      Total |      46 |       0 |   0.0 |      25 |       0 |   0.0
            +---------+---------+-------+---------+---------+-------
        D:1 |      46 |       0 |   0.0 |      25 |       0 |   0.0
            +---------+---------+-------+---------+---------+-------
